 Dungeon Crawl Stone Soup version 0.29-a0-664-gff9cad4a3d (webtiles) character file.

Game seed: 12984647285611918339

3476 buhh the Fighter (level 10, -1/80 HPs)
             Began as a Formicid Hunter on June 22, 2022.
             Was a Follower of Hepliaklqana.
             Slain by a vampire mosquito (4 damage)
             ... on level 13 of the Dungeon.
             The game lasted 00:21:39 (10528 turns).

buhh the Fighter (Formicid Hunter)                 Turns: 10528, Time: 00:21:40

Health: -1/80      AC:  5    Str: 16    XL:     10   Next: 27%
Magic:  10/10      EV: 16    Int:  9    God:    Hepliaklqana [*.....]
Gold:   513        SH:  0    Dex: 21    Spells: 9/9 levels left

rFire   + . .      SeeInvis +   a - +1 hand crossbow
rCold   . . .      Faith    .   (no shield)
rNeg    . . .      Spirit   .   b - +0 leather armour
rPois   .          Reflect  .   (helmet unavailable)
rElec   .          Harm     .   (no cloak)
rCorr   .          Rampage  .   (no gloves)
Will    +....                   j - +1 pair of boots
Stlth   ++........              (no amulet)
HPRegen 0.23/turn               q - +4 ring of evasion
MPRegen 0.12/turn               h - ring of protection from fire

@: no status effects
A: reduced essence, permanent stasis, dig shafts and tunnels, antennae 3, four
strong arms
a: Dig, Shaft Self, Renounce Religion, Recall Ancestor, Ancestor Identity


You were on level 13 of the Dungeon.
You worshipped Hepliaklqana.
Hepliaklqana was aware of your devotion.
You visited 2 branches of the dungeon, and saw 13 of its levels.
You also visited: Sewer.

You collected 513 gold pieces.

Inventory:

Hand Weapons
 a - a +1 hand crossbow (weapon)
Missiles
 d - 10 poisoned darts
Armour
 b - a +0 leather armour (worn)
 j - a +1 pair of boots (worn)
 n - a +0 tower shield
Jewellery
 h - a ring of protection from fire (right hand)
 m - a ring of protection from cold
 q - a +4 ring of evasion (left hand)
 r - a ring of poison resistance
Wands
 o - a wand of mindburst (3)
 v - a wand of polymorph (3)
Scrolls
 c - 2 scrolls of fear {!r}
 g - 3 scrolls of identify {!d}
 t - 2 scrolls of teleportation {!d}
 F - 4 scrolls of enchant weapon
 Q - a scroll of fog
 R - a scroll of torment
 X - a scroll of amnesia
Potions
 e - a potion of attraction
 f - 2 potions of might
 k - 2 potions of flight
 l - 4 potions of lignification {!d}
 J - 2 potions of magic {!q!d}
 N - 2 potions of curing {!q!d}
 O - 4 potions of haste {!q!d}


   Skills:
 * Level 11.6 Fighting
 - Level 10.2 Crossbows
 - Level 1.7 Dodging
 - Level 1.2 Stealth


You had 9 spell levels left.
You didn't know any spells.
Your spell library contained the following spells:

 Spells                   Type           Power      Damage    Failure   Level
 Sandblast                Erth           0%         2d4       45%         1
 Ensorcelled Hibernation  Hex/Ice        0%         N/A       58%         2
 Passwall                 Tmut/Erth      0%         N/A       58%         2
 Call Canine Familiar     Summ           0%         N/A       83%         3
 Portal Projectile        Hex/Tloc       0%         N/A       83%         3
 Stone Arrow              Conj/Erth      0%         3d7       83%         3
 Leda's Liquefaction      Hex/Erth       0%         N/A       99%         4
 Swiftness                Air            Unusable   N/A       N/A         3

Dungeon Overview and Level Annotations

Branches:
Dungeon (14/15) Zot: 26414  Temple (1/1) D:7 Zot: 5783   Sewer (visited)
   Lair: D:8-11         Orc: D:9-12      Vaults: D:13-14

Altars:
Ashenzari
Cheibriados
Dithmenos
Elyvilon
Fedhas
Gozag
Hepliaklqana
Kikubaaqudgha
Makhleb
Nemelex Xobeh
Okawaru
Qazlal
Ru
Sif Muna
Trog
Vehumet
Wu Jian
Yredelemnul
The Shining One

Annotations:
D:6 Maggie
D:7 exclusion: centaur


Innate Abilities, Weirdness & Mutations

Your life essence is reduced to manifest your ancestor. (-10% HP)
You cannot be hasted, slowed, berserked, paralysed or teleported.
You can dig through walls and to a lower floor.
You have a pair of large antennae on your head. (SInv)
Your four strong arms can wield two-handed weapons with a shield.


Message History

Okay, then.
Okay, then.
Really quaff
N - 3 potions of curing {!q!d}?
You feel better.
The vampire mosquito bites you but does no damage.
The vampire mosquito bites you.
* * * LOW HITPOINT WARNING * * *
The vampire mosquito draws strength from your injuries!
The vampire mosquito bites you but does no damage. x3
It was a potion of cancellation.
Your magical effects are unravelling.
You feel magically purged.
You feel less wooden.
Your +1 pair of boots unmelds from your body.
Your +0 leather armour unmelds from your body.
You flicker back into view.
The vampire mosquito bites you.
* * * LOW HITPOINT WARNING * * *
The vampire mosquito draws strength from your injuries!
The vampire mosquito closely misses you.
The vampire mosquito misses you. The vampire mosquito barely misses you.
The vampire mosquito bites you!
* * * LOW HITPOINT WARNING * * *
The vampire mosquito draws strength from your injuries!
The vampire mosquito bites you.
* * * LOW HITPOINT WARNING * * *
The vampire mosquito draws strength from your injuries!
Okay, then.
Are you sure you want to shaft yourself?
The vampire mosquito barely misses you.
The vampire mosquito closely misses you.
The vampire mosquito bites you but does no damage.
The vampire mosquito bites you.
* * * LOW HITPOINT WARNING * * *
The vampire mosquito draws strength from your injuries!
The vampire mosquito bites you.
* * * LOW HITPOINT WARNING * * *
The vampire mosquito draws strength from your injuries!
The vampire mosquito bites you.
You die...

.......# ...
.......##..
...# .
.......##.#
#..# . {
.......##.#
#..# .#
......J...#
#..##.
......>...#
#....
.###......#
#... #......#
#..# #......#
#y@#
#....!.#####yy#
#............y#
#.............#
#.....!.####..#
#.......# #..#
#.......# #....
....###.J#
#..... ....
#..# #.###..


You could see 4 vampire mosquitoes.

Vanquished Creatures
  A troll (D:12)
  Prince Ribbit (D:5)
  A wyvern (D:8)
  2 steam dragons
  2 water moccasins
  Duvessa (D:4)
  Pargi (D:3)
  2 ice beasts
  A black bear (D:4)
  4 ogres
  A phantom (D:7)
  2 kobold brigands
  A scorpion (D:5)
  4 wights (D:4)
  Dowan (D:4)
  A killer bee (D:8)
  2 jellies
  5 orc priests
  A hound (D:5)
  2 iguanas
  Ijyb (D:3)
  5 orc wizards
  3 gnolls (D:6)
  3 adders
  4 river rats (Sewer)
  A shadow imp (D:6)
  4 white imps
  5 worms
  5 dart slugs
  35 orcs
  10 bats
  12 endoplasms
  8 giant cockroaches
  8 goblins
  4 hobgoblins
  8 jackals
  14 kobolds
  4 quokkas
  12 ball pythons
  5 frilled lizards
  3 rats
190 creatures vanquished.

Vanquished Creatures (collateral kills)
  2 slime creatures (D:13)
2 creatures vanquished.

Vanquished Creatures (others)
  A vault guard (D:13)
  2 ancestors (D:13)
  A bush (D:7)
  2 plants (D:7)
6 creatures vanquished.

Grand Total: 198 creatures vanquished

Notes
Turn   | Place    | Note
-------+----------+-------------------------------------------
     0 | D:1      | buhh the Formicid Hunter began the quest for the Orb.
     0 | D:1      | Reached XP level 1. HP: 16/16 MP: 1/1
   129 | D:1      | Found a faded altar of an unknown god.
   153 | D:1      | Reached XP level 2. HP: 22/22 MP: 2/2
   860 | D:2      | Reached XP level 3. HP: 27/27 MP: 3/3
  1469 | D:3      | Reached XP level 4. HP: 33/33 MP: 4/4
  1548 | D:3      | Noticed Ijyb
  1773 | D:3      | Noticed Pargi
  1794 | D:3      | Killed Pargi
  1795 | D:3      | Reached XP level 5. HP: 35/38 MP: 5/5
  1823 | D:3      | Found a glowing drain.
  1845 | Sewer    | Entered a sewer
  2146 | Sewer    | Reached XP level 6. HP: 39/44 MP: 6/6
  2918 | D:3      | Noticed an ice beast
  2921 | D:3      | Killed Ijyb
  2927 | D:3      | You fall into a shaft and drop 2 floors!
  2927 | D:5      | Entered Level 5 of the Dungeon
  3000 | D:5      | Noticed Prince Ribbit
  3011 | D:5      | Killed Prince Ribbit
  3012 | D:5      | Reached XP level 7. HP: 50/50 MP: 7/7
  3468 | D:4      | Noticed Duvessa
  4018 | D:3      | Reached XP level 8. HP: 56/56 MP: 8/8
  4113 | D:4      | Killed Duvessa
  4150 | D:4      | Noticed Dowan
  4166 | D:4      | Killed Dowan
  4918 | D:4      | Reached skill level 3 in Fighting
  5548 | D:4      | Reached skill level 4 in Fighting
  5832 | D:5      | Reached skill level 5 in Fighting
  5832 | D:5      | Reached XP level 9. HP: 40/68 MP: 9/9
  6402 | D:6      | Reached skill level 6 in Fighting
  6508 | D:6      | Reached skill level 7 in Fighting
  6708 | D:6      | Noticed Maggie
  7151 | D:7      | Found a staircase to the Ecumenical Temple.
  7160 | Temple   | Entered the Ecumenical Temple
  7438 | D:7      | Reached skill level 8 in Fighting
  7757 | D:7      | Found an ancient bone altar of Kikubaaqudgha.
  7757 | D:7      | Found a radiant altar of Vehumet.
  7771 | D:7      | Found a hazy altar of Hepliaklqana.
  7785 | D:7      | Became a worshipper of Hepliaklqana the Forgotten
  7857 | D:7      | Reached skill level 9 in Fighting
  8181 | D:8      | Reached skill level 10 in Fighting
  8243 | D:8      | You fall into a shaft and drop 1 floor!
  8249 | D:9      | Found a basalt altar of Yredelemnul.
  8276 | D:8      | Reached XP level 10. HP: 27/85 MP: 10/10
  9352 | D:9      | You fall into a shaft and drop 3 floors!
  9451 | D:12     | Noticed a gargoyle
  9457 | D:12     | You fall into a shaft and drop 1 floor!
  9825 | D:13     | Killed a vault guard
  9892 | D:13     | Reached * piety under Hepliaklqana
  9929 | D:13     | Noticed a manticore
  9943 | D:13     | You fall into a shaft and drop 1 floor!
 10346 | D:14     | Noticed an eight-headed hydra
 10395 | D:14     | Noticed a manticore
 10502 | D:13     | Reached skill level 11 in Fighting
 10528 | D:13     | HP: 3/80 [vampire mosquito (2)]
 10528 | D:13     | Slain by a vampire mosquito

Illustrated notes

Levels and vault maps discovered:
D:1:      roderic_dead_forest, layout_loops_ring,
          hellmonk_ecumenical_altar_leap_of_faith
D:2:      layout_rooms, st_stairs_3, chequers_serial_rivers_micro_d,
          chequers_serial_rivers_marsh
D:3:      layout_rooms, portal_sewer_entry_f, uniq_pargi, uniq_ijyb
D:4:      layout_layer_cave, uniq_duvessa
D:5:      layout_basic, uniq_prince_ribbit1
D:6:      layout_cave_pools, chequers_serial_rivers_small_b, uniq_maggie
D:7:      layout_loops_cross, gammafunk_temple_overflow_forgotten,
          minmay_temple_entry_stoned_glass, hangedman_decor_growths
D:8:      layout_basic, minivault_5, st_stairs_9, kennysheep_generic_room_8
D:9:      layout_cave_pools, grunt_temple_overflow_order_and_chaos_1,
          mainiacjoe_overflow_concentric_impassable,
          nicolae_overflow_hidden_temple, hiddenorc2_lemuel
D:12:     layout_cave_pools, portal_ice_cave_entry_ice_simulacra,
          gammafunk_ghost_hydra_chop, serial_park_tiny_1, zin_treasury
D:13:     layout_long_grid, ximxim_vaults_locker_room, uniq_kirke,
          uniq_josephine
D:14:     layout_gridville, kennysheep_cross_room, dancing_weapons_uskayaw
Temple:   regret_index_temple_generic_petals

Skill      XL: |  1  2  3  4  5  6  7  8  9 10 |
---------------+-------------------------------+-----
Crossbows      | 5 6 8 9 10 | 10.2
Fighting       | 5 10 11 | 11.6
Dodging        | |  1.7
Stealth        | |  1.2

Action                   |  1- 3 |  4- 6 |  7- 9 | 10-12 || total
-------------------------+-------+-------+-------+-------++-------
 Fire: Hand crossbow     |    92 |   145 |   443 |    78 ||   758
Throw: Dart              |       |       |       |     1 ||     1
Invok: Recall Ancestor   |       |       |       |     2 ||     2
 Abil: Dig               |     2 |       |       |       ||     2
       Shaft Self        |       |     1 |     1 |     4 ||     6
Evoke: Wand              |       |     5 |     4 |       ||     9
  Use: Scroll            |     4 |    10 |     5 |     2 ||    21
       Potion            |       |     3 |     3 |     5 ||    11
Armor: Leather armour    |     6 |    30 |    19 |    10 ||    65
       Skin              |       |       |       |    13 ||    13
Dodge: Dodged            |    12 |    43 |    90 |    50 ||   195

Table legend: (Time is in decaauts)
 A = Elapsed time spent in this place.
 B = Non-inter-level travel time spent in this place.
 C = Inter-level travel time spent in this place.
 D = Time resting spent in this place.
 E = Time spent auto-exploring this place.
 F = Levels seen in this place.
 G = Mean time per level.
                   A        B        C        D        E       F      G
               +--------+--------+--------+--------+--------+-----+--------+
         Total |  10801 |  10290 |    511 |   2340 |   5712 |  14 |  771.5 |
       Dungeon |   9366 |   8883 |    483 |   2113 |   4867 |  12 |  780.5 |
        Temple |    216 |    188 |     28 |      0 |    184 |   1 |  216.0 |
         Sewer |   1218 |   1218 |      0 |    227 |    660 |   1 | 1218.0 |
               +--------+--------+--------+--------+--------+-----+--------+

Top non-repeatable levels by time:
     D:4: 2249 daAuts
     D:8: 1289 daAuts
   Sewer: 1218 daAuts
     D:5: 969 daAuts
     D:1: 851 daAuts
     D:3: 740 daAuts
     D:2: 731 daAuts
     D:7: 690 daAuts
     D:6: 642 daAuts
    D:14: 540 daAuts
    D:13: 530 daAuts
  Temple: 216 daAuts
    D:12: 105 daAuts
     D:9: 24 daAuts
